 Dungeon Crawl Stone Soup version 0.31-a0-963-ga325b2283a (webtiles) character file.

Game seed: 16874022375080813677

5412 BlueFish the Covert (level 10, -2/66 HPs)
             Began as an Octopode Shapeshifter on Oct 25, 2023.
             Slain by a komodo dragon (24 damage)
             ... on level 7 of the Dungeon.
             The game lasted 00:22:22 (7837 turns).

BlueFish the Covert (Octopode Shapeshifter)         Turns: 7837, Time: 00:22:23

Health: -2/66      AC:  1    Str: 19    XL:     10   Next: 67%
Magic:  16/16      EV: 19    Int: 15    God:
Gold:   511        SH:  4    Dex: 11    Spells: 10/17 levels left

rFire   . . .        p - +10 dagger of the Wraith {heavy, rN+ Int+3 SInv}
rCold   . . .        I - +0 buckler
rNeg    + . .        (helmet currently unavailable)
rPois   .            (no amulet)
rElec   .            h - +5 ring of evasion
rCorr   .            s - +4 ring of slaying
SInv    +            (no ring)
Will    .....        (no ring)
Stlth   +++++        (no ring)
HPRegen 0.31/turn    (no ring)
MPRegen 0.15/turn    (no ring)
                     (no ring)

%: no passive effects
@: beast-form
A: beast (slay +3), almost no armour, amphibious, 8 rings, camouflage 1,
gelatinous body 1, (nimble swimmer 1), tentacles
a: Begin Untransformation


You were on level 7 of the Dungeon.
You were a hulking beast.
You visited 1 branch of the dungeon, and saw 7 of its levels.

You collected 511 gold pieces.

Inventory:

Hand Weapons
 p - the +10 dagger of the Wraith (weapon) {heavy, rN+ Int+3 SInv}
   (You found it on level 2 of the Dungeon)

   Int+3:     It affects your intelligence (+3).
   rN+:       It protects you from negative energy.
   SInv:      It lets you see invisible.
Missiles
 e - 10 poisoned darts
 q - 3 datura-tipped darts
 C - 24 stones (quivered)
 F - 10 boomerangs
Armour
 I - a +0 buckler (worn)
Jewellery
 h - a +5 ring of evasion (left tentacle)
 s - a +4 ring of slaying (right tentacle)
Talismans
 b - a beast talisman (active)
 c - a flux talisman
Wands
 B - a wand of flame (21)
 G - a wand of polymorph (11)
 H - a wand of charming (9)
Scrolls
 d - a scroll of vulnerability {unknown}
 i - a scroll of enchant armour {unknown}
 n - 2 scrolls of butterflies {unknown}
 o - 2 scrolls of revelation
 t - 5 scrolls of teleportation
 v - a scroll of immolation
 x - a scroll of noise {unknown}
 y - a scroll of enchant weapon {unknown}
 z - a scroll of poison {unknown}
 E - a scroll of brand weapon
Potions
 a - a potion of lignification
 f - 2 potions of mutation
 g - a potion of enlightenment
 k - a potion of ambrosia
 l - 3 potions of might
 m - 2 potions of attraction
 r - 8 potions of curing
 u - a potion of magic {unknown}
 w - a potion of haste {unknown}
 D - a potion of brilliance {unknown}
 J - a potion of berserk rage {unknown}
 K - a potion of cancellation {unknown}


   Skills:
 + Level 5.4 Fighting
 + Level 4.4 Throwing
 + Level 5.4 Dodging
 * Level 10.1 Stealth
 * Level 3.8 Shields
 + Level 5.7 Unarmed Combat
 + Level 4.3 Spellcasting
 + Level 4.5 Translocations
 + Level 5.4 Shapeshifting


You had 10 spell levels left.
You knew the following spells:

 Your Spells              Type           Power      Damage    Failure   Level
a - Blink                 Tloc           32%        N/A       4%          2
b - Lesser Beckoning      Tloc           32%        N/A       4%          2
c - Teleport Other        Tloc           16%        N/A       10%         3

Your spell library contained the following spells:

 Spells                   Type           Power      Damage    Failure   Level
 Gell's Gravitas          Tloc           16%        N/A       10%         3
 Momentum Strike          Conj/Tloc      20%        3d8       13%         2
 Wereblood                Tmut           3%         N/A       32%         2
 Ozocubu's Armour         Ice            3%         N/A       54%         3
 Irradiate                Conj/Tmut      1%         3d12      99%         5
 Metabolic Englaciation   Hex/Ice        1%         N/A       99%         5
 Simulacrum               Ice/Necr       1%         N/A       100%        6


Dungeon Overview and Level Annotations

Branches:
Dungeon (7/15)             Temple (0/1) D:5

Altars:
Cheibriados
Dithmenos
Gozag
Kikubaaqudgha
Makhleb
Okawaru
Ru
Xom
Zin


Innate Abilities, Weirdness & Mutations

You are a hulking beast.
Your limbs bulge with bestial killing power. (Slay +3)
You cannot wear most types of armour.
You are amphibious.
You can wear up to eight rings at the same time.
Your skin changes colour to match your surroundings (Stealth+).
Your rubbery body absorbs attacks. (AC +1, EV +1)
((You are camouflaged when in or above water. (Stealth+)))
You have tentacles for arms and can constrict up to eight enemies at once.


Message History

You squeeze the gargoyle, but do no damage.
The gargoyle completely misses you.
You hit the gargoyle. You grab the gargoyle. You tentacle-slap the gargoyle!
Your squeeze misses the gargoyle.
The gargoyle is heavily damaged.
You constrict the gargoyle, but do no damage.
The gargoyle hits you with a +0 mace. You block the gargoyle's attack.
You hit the gargoyle.
The gargoyle is severely damaged.
You constrict the gargoyle, but do no damage.
The gargoyle closely misses you.
You puncture the gargoyle!
You destroy the gargoyle!
You see here a +0 mace.
HP restored.
Found a snail-covered altar of Cheibriados.
You now have 503 gold pieces (gained 14).
There is an open door here.
There is an open door here.
d - a scroll labelled ESMUGOQAHE
There is an open door here.
There is an open door here.
You see here a staff of fire.
There is an open door here.
You now have 511 gold pieces (gained 8).
Done exploring.
Okay, then.
There is an open door here.
The komodo dragon bites you!!
You hit the komodo dragon. Your squeeze misses the komodo dragon.
The komodo dragon is lightly wounded.
The komodo dragon bites you!
You hit the komodo dragon but do no damage.
You squeeze the komodo dragon!
The komodo dragon is moderately wounded.
The komodo dragon bites you! The komodo dragon misses you.
You puncture the komodo dragon!
The komodo dragon is heavily wounded.
The komodo dragon bites you!!
You die...

#.............# #......#
#.#####.#####.#####.####.#
#.#####.#####.......####.#
..##....<..##.##.......#.#
..##.##.##.##.##.##.##.#.#
..##.##..........##.##.#.#
........#####.#####......#
..##.#### #.#####.##.###
.###.# ####...hl..##.###
.###.## #.......#####...#
......# #....>..# ###.#
.##...####.......# #.#
.##.####.........#
####.##### .##.#
#.#.......# #......[.#
.##.# #.#.......#
#.#PPPPP.# .##.#
#.#.......# #..P...P.#
.##.####........##
#..P...P.#


You could see a komodo dragon.

Vanquished Creatures
  A two-headed ogre (D:7)
  Joseph (D:7)
  A gargoyle (D:7)
  Jeremiah (D:7)
  Prince Ribbit (D:7)
  A hornet (D:7)
  5 yaks (D:6)
  A wraith (D:6)
  A wyvern (D:7)
  A vampire (D:7)
  Menkaure (D:5)
  A water moccasin (D:7)
  An orc warrior (D:6)
  3 sky beasts (D:7)
  2 ice beasts
  A black bear (D:5)
  3 ogres
  A phantom (D:6)
  A bullfrog (D:6)
  4 scorpions
  A gnoll sergeant (D:5)
  A howler monkey (D:7)
  4 crimson imps (D:7)
  3 hounds
  2 jellies (D:7)
  A gnoll bouda (D:3)
  2 iguanas (D:6)
  2 sleepcaps
  Jessica (D:2)
  An orc wizard (D:6)
  15 gnolls
  4 adders
  A shadow imp (D:5)
  2 white imps
  5 ufetubi
  4 worms
  14 orcs
  5 ball pythons
  3 bats
  An endoplasm (D:1)
  A giant cockroach (D:1)
  5 goblins
  9 hobgoblins
  8 jackals (D:2)
  A quokka (D:2)
  A frilled lizard (D:1)
  6 kobolds
  4 rats
139 creatures vanquished.

Notes
Turn   | Place    | Note
-------+----------+-------------------------------------------
     0 | D:1      | BlueFish the Octopode Shapeshifter began the quest for the
                  | Orb.
     0 | D:1      | Reached XP level 1. HP: 13/13 MP: 1/1
   220 | D:1      | Reached skill level 1 in Stealth
   258 | D:1      | Reached XP level 2. HP: 10/18 MP: 2/2
   440 | D:1      | Found a faded altar of an unknown god.
  1100 | D:2      | Reached XP level 3. HP: 20/23 MP: 3/3
  1204 | D:2      | Reached skill level 2 in Stealth
  1516 | D:2      | Found a burning altar of Makhleb.
  1846 | D:2      | Identified the +10 dagger of the Wraith {heavy, rN+ Int+3
                  | SInv}
  1856 | D:2      | Noticed Jessica
  1867 | D:2      | Killed Jessica
  1868 | D:2      | Reached skill level 1 in Spellcasting
  1868 | D:2      | Reached XP level 4. HP: 25/29 MP: 5/5
  2224 | D:3      | Reached skill level 3 in Stealth
  2273 | D:3      | Reached XP level 5. HP: 34/34 MP: 6/6
  2344 | D:3      | Found a sacrificial altar of Ru.
  2401 | D:3      | Learned a level 2 spell: Blink
  2404 | D:3      | Learned a level 2 spell: Lesser Beckoning
  2538 | D:4      | Noticed an ogre
  2690 | D:4      | Identified the +1 sling "Nyhiumeg" {drain, rF++ rC- Int+6}
  2756 | D:4      | Found an iron altar of Okawaru.
  2844 | D:4      | Reached XP level 6. HP: 28/39 MP: 8/8
  2956 | D:4      | Reached skill level 1 in Throwing
  2956 | D:4      | Reached skill level 4 in Stealth
  2978 | D:4      | Learned a level 3 spell: Teleport Other
  3025 | D:4      | Reached skill level 1 in Translocations
  3087 | D:4      | Found an ancient bone altar of Kikubaaqudgha.
  3241 | D:5      | Entered Level 5 of the Dungeon
  3241 | D:5      | Noticed Menkaure
  3257 | D:5      | Found a shadowy altar of Dithmenos.
  3261 | D:5      | Found a burning altar of Makhleb.
  3709 | D:5      | Reached XP level 7. HP: 45/45 MP: 9/9
  3834 | D:5      | Reached skill level 5 in Stealth
  3911 | D:5      | Found a staircase to the Ecumenical Temple.
  4466 | D:5      | Killed Menkaure
  4467 | D:5      | Reached XP level 8. HP: 18/52 MP: 11/11
  4621 | D:6      | Reached skill level 6 in Stealth
  4662 | D:6      | Noticed a yak
  4663 | D:6      | Noticed a yak
  4681 | D:6      | Noticed a yak
  4938 | D:6      | Found an opulent altar of Gozag.
  4964 | D:6      | Noticed a yak
  4964 | D:6      | Noticed a yak
  4979 | D:6      | Killed a yak
  5103 | D:6      | Killed a yak
  5104 | D:6      | Reached skill level 7 in Stealth
  5128 | D:6      | Killed a yak
  5129 | D:6      | Reached XP level 9. HP: 58/58 MP: 13/13
  5471 | D:6      | Reached skill level 8 in Stealth
  5681 | D:7      | Reached skill level 5 in Unarmed Combat
  6195 | D:7      | Reached skill level 1 in Shields
  6307 | D:7      | Noticed Jeremiah
  6311 | D:7      | Killed Jeremiah
  6312 | D:7      | Found a glowing silver altar of Zin.
  6403 | D:7      | Noticed a hornet
  6472 | D:7      | Reached skill level 5 in Shapeshifting
  6494 | D:7      | Reached skill level 9 in Stealth
  6525 | D:7      | Noticed a two-headed ogre
  6536 | D:7      | Noticed a komodo dragon
  6557 | D:7      | Reached XP level 10. HP: 65/65 MP: 15/15
  6559 | D:7      | Noticed Prince Ribbit
  6566 | D:7      | Killed Prince Ribbit
  6567 | D:7      | Reached skill level 5 in Dodging
  6796 | D:7      | Reached skill level 5 in Fighting
  6897 | D:7      | Found a shimmering altar of Xom.
  6951 | D:7      | Noticed Joseph
  6956 | D:7      | Killed Joseph
  7127 | D:7      | Noticed a gargoyle
  7430 | D:7      | Killed a two-headed ogre
  7517 | D:7      | Reached skill level 10 in Stealth
  7724 | D:7      | Killed a gargoyle
  7738 | D:7      | Found a snail-covered altar of Cheibriados.
  7837 | D:7      | Slain by a komodo dragon

Illustrated notes

Levels and vault maps discovered:
D:1:      tarquinn_simple_flora_water_b, layout_basic,
          ebering_ecumenical_altar_sacrificial
D:2:      layout_loops_corners, basic_altar, uniq_jessica
D:3:      layout_basic, nicolae_ru_the_path_less_chosen, st_stairs_10
D:4:      layout_rooms, okawaru_gym_becter, mainiacjoe_overflow_alcove_4
D:5:      layout_cave_pools, nicolae_dithmenos_shadow_blocks, bloody_makhleb,
          temple_fountains, uniq_menkaure
D:6:      layout_basic, nicolae_gozag_seed_capital
D:7:      layout_loops_cross, mainiacjoe_overflow_alcove_1,
          mainiacjoe_overflow_alcove_2, led_xom_imps, minmay_gold_behind_fungi,
          minmay_misc_feat_alley, minmay_shattered_shrine, uniq_joseph,
          uniq_prince_ribbit1, uniq_jeremiah

Skill      XL: |  1  2  3  4  5  6  7  8  9 10 |
---------------+-------------------------------+-----
Stealth        | 1 2 3 4 5 7 9 10 | 10.1
Spellcasting   | 1 2 3 4 |  4.3
Fighting       | 2 3 4 5 |  5.4
Throwing       | 1 2 3 4 |  4.4
Dodging        | 3 4 5 |  5.4
Translocations | 1 2 3 4 |  4.5
Unarmed Combat | 4 5 |  5.7
Shapeshifting  | 4 5 |  5.4
Shields        | 2 3 |  3.8

Action                     |  1- 3 |  4- 6 |  7- 9 | 10-12 || total
---------------------------+-------+-------+-------+-------++-------
  Melee: Unarmed           |    67 |       |       |       ||    67
         Constrict         |    23 |    16 |    16 |     9 ||    64
         Tentacles         |    11 |    10 |    20 |    12 ||    53
         Punch             |     1 |     3 |     5 |     3 ||    12
         Dagger            |     2 |    53 |   102 |    57 ||   214
  Throw: Dart              |       |    10 |    21 |     5 ||    36
         Stone             |       |       |     6 |     5 ||    11
Ability: Begin Untransform |     1 |       |       |       ||     1
    Use: Scroll            |     3 |     4 |     6 |     2 ||    15
         Potion            |       |       |       |     3 ||     3
   Stab: Sleeping          |     6 |     3 |     9 |     2 ||    20
         Distracted        |       |       |     1 |       ||     1
 Armour: Skin              |    21 |    14 |    44 |    37 ||   116
  Dodge: Dodged            |    33 |    51 |    79 |    43 ||   206
  Block: Buckler           |       |       |     2 |    10 ||    12
   Form: Flux              |     1 |       |       |       ||     1
         Beast             |     1 |       |       |       ||     1

Table legend: (Time is in decaauts)
 A = Elapsed time spent in this place.
 B = Non-inter-level travel time spent in this place.
 C = Inter-level travel time spent in this place.
 D = Time resting spent in this place.
 E = Time spent auto-exploring this place.
 F = Levels seen in this place.
 G = Mean time per level.
                   A        B        C        D        E       F      G
               +--------+--------+--------+--------+--------+-----+--------+
         Total |   7964 |   7442 |    522 |   1103 |   4639 |   7 | 1137.7 |
       Dungeon |   7964 |   7442 |    522 |   1103 |   4639 |   7 | 1137.7 |
               +--------+--------+--------+--------+--------+-----+--------+

Top non-repeatable levels by time:
     D:7: 1781 daAuts
     D:6: 1517 daAuts
     D:2: 1129 daAuts
     D:1: 1075 daAuts
     D:5: 971 daAuts
     D:3: 745 daAuts
     D:4: 744 daAuts
